AoeStats
← TheBrickSix

Arabia

505841393Analyzed
1v1 RM · 21d ago on Sep 11, 2026· 46m 27s· 2 players
Game mode
Random Map
Map size
Tiny (2 player)
Population
200
Speed
Normal
Resources
Standard
Victory
Conquest
Starting age
Dark Age
Ending age
Imperial Age
RankedLock teamsTeams togetherTeam positionsShared explorationLock speedFull tech treeHidden civsTurbo modeCheats
Victory
Defeat
🇳🇿 Bulgarians · New Zealand
1015
+16
🇦🇺 Malians · Australia
1010
-16
Hetairoi
6:43 Loom
9:56 Feudal Age
11:03 Double-Bit Axe
14:06 Fletching
15:36 Horse Collar
19:26 Wheelbarrow
23:20 Castle Age
20:49 Man-at-Arms
22:11 Scale Barding Armor
22:33 Gold Mining
23:02 Stone Mining
23:57 Bodkin Arrow
23:59 Crossbowman
26:47 Bow Saw
26:57 Bloodlines
26:59 Padded Archer Armor
31:30 Forging
32:31 Murder Holes
36:46 Gold Shaft Mining
36:46 Stone Shaft Mining
40:36 Imperial Age
38:13 Husbandry
38:21 Heavy Plow
40:14 Chain Barding Armor
40:25 Pikeman
41:07 Squires
41:47 Conscription
43:18 Iron Casting
42:43 Scale Mail Armor
43:23 Crop Rotation
42:47 Heavy Camel Rider
43:46 Long Swordsman
43:55 Heavy Camel Rider
45:09 Hand Cart
44:44 Two-Handed Swordsman
45:49 Chain Mail Armor
46:33 Farimba
TheBrickSix
6:28 Loom
9:16 Feudal Age
9:47 Double-Bit Axe
12:44 Horse Collar
15:47 Fletching
17:00 Padded Archer Armor
22:05 Castle Age
22:33 Elite Skirmisher
23:31 Gold Mining
23:59 Town Watch
25:16 Pikeman
25:58 Scale Mail Armor
27:05 Wheelbarrow
26:49 Bodkin Arrow
29:34 Chain Mail Armor
30:41 Forging
35:43 Imperial Age
34:01 Scale Barding Armor
34:08 Bloodlines
33:58 Husbandry
35:53 Chain Barding Armor
39:14 Plate Barding Armor
40:02 Squires
42:21 Iron Casting
42:50 Hand Cart
43:35 Plate Mail Armor
44:04 Gambesons
47:18 Conscription
Connection lost

Rejoining the realm…

Still unreachable

The connection could not be restored.

Session expired

The server has moved on; the page needs a fresh start.